 Dungeon Crawl Stone Soup version 0.31.0-12-g77e489cdc1 (webtiles) character file.

Game seed: 11598188589486421439

3625 Silvore the Basher (level 9, -10/78 HPs)
             Began as a Minotaur Fighter on Feb 24, 2024.
             Was a Priest of Zin.
             Mangled by a fire elemental (12 damage)
             ... summoned by a deep elf pyromancer
             ... in a bailey.
             The game lasted 00:08:49 (6787 turns).

Silvore the Basher (Minotaur Fighter)               Turns: 6787, Time: 00:08:50

Health: -10/78     AC: 12    Str: 25    XL:     9   Next: 87%
Magic:  4/8        EV:  8    Int:  5    God:    Zin [***...]
Gold:   294        SH: 14    Dex: 10    Spells: 8/8 levels left

rFire   . . .        y - +2 flail (heavy)
rCold   . . .        q - +0 tower shield
rNeg    . . .        f - +0 chain mail
rPois   .            (helmet restricted)
rElec   .            (no cloak)
rCorr   .            (no gloves)
SInv    .            i - +0 pair of boots
Will    .....        (no amulet) Stlth
                     k - ring of wizardry
HPRegen 0.33/turn    (no ring)
MPRegen 0.11/turn

%: wizardry (x1)
@: on fire, glowing, studying Maces & Flails
A: horns 2, retaliatory headbutt
a: Renounce Religion, Recite, Vitalisation, Imprison, Donate Gold


You were in a bailey.
You worshipped Zin.
Zin was most pleased with you.
You visited 2 branches of the dungeon, and saw 8 of its levels.
You also visited: Bailey.

You collected 482 gold pieces.
You donated 188 gold pieces to Zin.

Inventory:

Hand Weapons
 a - a +0 flail
 y - a +2 heavy flail (weapon)
Armour
 b - a +0 scale mail
 c - a +1 buckler
 f - a +0 chain mail (worn)
 i - a +0 pair of boots (worn)
 q - a +0 tower shield (worn)
Jewellery
 k - a ring of wizardry (left hand)
 u - an amulet of reflection
 x - a ring of flight
Wands
 m - a wand of roots (3)
 n - a wand of charming (7)
Scrolls
 e - 6 scrolls of teleportation
 g - 2 scrolls of amnesia
 h - 3 scrolls of immolation
 w - a scroll of brand weapon {unknown}
 A - a scroll of vulnerability
Potions
 d - a potion of attraction {unknown}
 j - 2 potions of curing
 o - a potion of cancellation
 p - a potion of berserk rage
 r - a potion of haste
 s - 2 potions of brilliance
 t - a potion of degeneration
 z - a potion of enlightenment {unknown}


   Skills:
 + Level 6.8 Fighting
 + Level 10.2 Maces & Flails
 + Level 8.6 Armour
 + Level 3.7 Dodging
 + Level 8.2 Shields
 * Level 6.8 Unarmed Combat


You had 8 spell levels left.
You didn't know any spells.
Your spell library contained the following spells:

 Spells                   Type           Power      Damage    Failure   Level
 Ensorcelled Hibernation  Hex/Ice        0%         N/A       99%         2
 Passwall                 Erth           0%         N/A       100%        3
 Swiftness                Air            0%         N/A       100%        3


Dungeon Overview and Level Annotations

Branches:
Dungeon (7/15)             Temple (1/1) D:6          Bailey (1/1)

Altars:
Ashenzari
Cheibriados
Dithmenos
Elyvilon
Fedhas
Gozag
Hepliaklqana
Kikubaaqudgha
Makhleb
Nemelex Xobeh
Okawaru
Qazlal
Ru
Sif Muna
Trog
Uskayaw
Vehumet
Wu Jian
Xom
Yredelemnul
Zin
The Shining One


Innate Abilities, Weirdness & Mutations

You have a pair of horns on your head.
You reflexively headbutt those who attack you in melee.


Message History

You now have 294 gold pieces (gained 13).
Okay, then.
Okay, then.
Okay, then.
Aiming: Imprison (63% risk of failure)
Press: ? - help, Dir - move target, f - deep elf pyromancer
Aim: a deep elf pyromancer, wielding a +0 long sword and wearing a +0 scale mail (fire blocked by a runed translucent door)
Okay, then.
You open the large door.
The deep elf pyromancer casts a spell.
The deep elf pyromancer blinks!
Aiming: Imprison (63% risk of failure)
Press: ? - help, Dir - move target, f - deep elf pyromancer
Aim: a deep elf pyromancer, wielding a +0 long sword and wearing a +0 scale mail Zin imprisons the deep elf pyromancer with walls of pure silver!
There is a large open translucent door here.
Zin releases the deep elf pyromancer from its prison.
The deep elf pyromancer points at you and mumbles some strange words.
The pyre arrow hits you.
You are covered in intense liquid fire!
You shake off some of the fire as you move.
The liquid fire burns you!
You shake off some of the fire as you move.
The liquid fire burns you!
The deep elf pyromancer mumbles some strange words.
You thump the deep elf pyromancer! You headbutt the deep elf pyromancer!
The deep elf pyromancer is severely wounded.
The liquid fire burns you!
You block the deep elf pyromancer's attack.
You block the fire elemental's attack.
The deep elf pyromancer points at you and mumbles some strange words.
The bolt of fire hits you!!
* * * LOW HITPOINT WARNING * * *
You block the fire elemental's attack.
You barely miss the deep elf pyromancer.
The deep elf pyromancer is severely wounded.
The liquid fire burns you!
* * * LOW HITPOINT WARNING * * *
The fire elemental hits you. The fire elemental burns you!
You die...

#..##########..#).♣≈≈≈≈.
#.........)....#...≈≈≈≈.
##............##)♣.≈≈≈≈.
#..########..#....≈≈≈≈.
#.8##...?##8.#...######
#..#...#$[#..#....))...
#..'..##=?#..'......)..
#..'.e##!:#.)'.........
#..#.E@.?[#..#.........
#.8##...$##8)#...######
#..########.)#....≈≈≈≈.
##.........)..##...≈≈≈≈.
#..........)...#...≈≈≈≈.
#..##########..#..≈≈≈≈≈.
#### ####..≈≈≈≈..
..≈≈≈≈≈.. .≈≈≈≈≈..♣


You could see a deep elf pyromancer and a fire elemental (summoned).

Vanquished Creatures
  An orc knight (Bailey)
  Sigmund (D:3)
  A wyvern (D:7)
  A steam dragon (D:6)
  3 water moccasins
  A black bear (D:6)
  6 orc warriors
  An ice beast (D:5)
  2 centaurs
  2 ogres
  A kobold brigand (D:4)
  3 scorpions
  6 howler monkeys
  3 bombardier beetles
  3 hounds
  4 jellies
  A gnoll bouda (D:7)
  An orc priest (D:5)
  4 iguanas
  7 orc wizards
  7 gnolls
  4 adders
  A white imp (D:7)
  2 ufetubi (D:7)
  2 ribbon worms (D:2)
  5 dart slugs
  29 orcs
  3 endoplasms
  A giant cockroach (D:4)
  3 hobgoblins
  3 quokkas
  6 ball pythons
  4 bats
  4 frilled lizards
  2 goblins (D:1)
  12 kobolds
  2 rats
142 creatures vanquished.

Notes
Turn   | Place    | Note
-------+----------+-------------------------------------------
     0 | D:1      | Silvore the Minotaur Fighter began the quest for the Orb.
     0 | D:1      | Reached XP level 1. HP: 19/19 MP: 0/0
    86 | D:1      | Found a faded altar of an unknown god.
   161 | D:1      | Reached XP level 2. HP: 25/27 MP: 1/1
   265 | D:1      | Reached skill level 1 in Unarmed Combat
   331 | D:1      | Reached XP level 3. HP: 33/33 MP: 2/2
   634 | D:2      | Reached skill level 3 in Maces & Flails
   769 | D:2      | Reached XP level 4. HP: 39/40 MP: 3/3
  1320 | D:3      | Noticed Sigmund
  1325 | D:3      | Killed Sigmund
  1326 | D:3      | Reached skill level 4 in Maces & Flails
  1326 | D:3      | Reached skill level 5 in Armour
  1326 | D:3      | Reached XP level 5. HP: 47/47 MP: 4/4
  1326 | D:3      | Reached XP level 6. HP: 53/53 MP: 5/5
  1422 | D:3      | Found a hazy altar of Hepliaklqana.
  1570 | D:3      | Found a shimmering blue altar of Sif Muna.
  1581 | D:3      | Reached skill level 1 in Dodging
  1668 | D:3      | Noticed a water moccasin
  1677 | D:3      | Killed a water moccasin
  1678 | D:3      | Reached skill level 5 in Maces & Flails
  1948 | D:4      | Reached XP level 7. HP: 44/60 MP: 6/6
  2346 | D:4      | Found a white marble altar of Elyvilon.
  2563 | D:4      | Became a worshipper of Elyvilon the Healer
  2763 | D:4      | Found a hide-covered altar of Uskayaw.
  2811 | D:4      | Reached skill level 5 in Fighting
  2919 | D:4      | Found a glowing golden altar of the Shining One.
  3067 | D:4      | Identified a scroll of acquirement
  3067 | D:4      | Acquired a manual of Maces & Flails
  3097 | D:5      | Entered Level 5 of the Dungeon
  3147 | D:5      | Reached * piety under Elyvilon
  3188 | D:5      | Reached skill level 6 in Maces & Flails
  3192 | D:5      | Reached skill level 5 in Shields
  3231 | D:5      | Reached XP level 8. HP: 68/68 MP: 7/7
  3344 | D:5      | Reached skill level 7 in Maces & Flails
  4416 | D:6      | Found a staircase to the Ecumenical Temple.
  4426 | D:6      | Identified the +5 short sword of Beogh's Respect {elec,
                  | rPois Str+4}
  4431 | Temple   | Entered the Ecumenical Temple
  4445 | Temple   | Fell from the grace of Elyvilon
  4445 | Temple   | Became a worshipper of Zin the Law-Giver
  4445 | Temple   | Reached * piety under Zin
  4445 | Temple   | Reached ** piety under Zin
  4448 | Temple   | Donated 140 gold pieces to Zin
  4493 | D:6      | Found a broken altar of Ashenzari.
  4523 | D:6      | Reached skill level 8 in Maces & Flails
  4523 | D:6      | Reached skill level 5 in Unarmed Combat
  5134 | D:6      | Reached *** piety under Zin
  5276 | D:6      | Reached XP level 9. HP: 66/75 MP: 8/8
  5819 | D:7      | Reached skill level 9 in Maces & Flails
  5858 | D:7      | Found a flagged portal.
  6022 | Bailey   | Entered a bailey
  6128 | Bailey   | Noticed an orc knight
  6142 | Bailey   | Killed an orc knight
  6143 | Bailey   | Reached skill level 10 in Maces & Flails
  6400 | Bailey   | HP: 1/78 [orc/+0 trident (7)]
  6746 | Bailey   | Found a large runed translucent door.
  6746 | Bailey   | Found a large runed translucent door.
  6747 | Bailey   | Noticed a deep elf pyromancer
  6749 | Bailey   | Found the +2 hood of the Assassin {Detect Stab+ Stlth++}
  6787 | Bailey   | HP: 1/78 [burnt (12)]
  6787 | Bailey   | Mangled by a fire elemental

Illustrated notes

Levels and vault maps discovered:
D:1:      dpeg_arrival_snail, layout_rooms, hellmonk_ecumenical_altar_blasted,
          minmay_3d_cube
D:2:      layout_basic, minmay_misc_feat_plants, minivault_25,
          nicolae_kite_square_tiling_tiny
D:3:      layout_rooms, lemuel_crystal_altar,
          mainiacjoe_overflow_surrounded_room, st_stairs_4, uniq_sigmund
D:4:      layout_loops_corners, nicolae_overflow_squiral, elyvilon_altar_4,
          minmay_misc_feat_more_columns
D:5:      layout_basic
D:6:      layout_basic, mainiacjoe_overflow_paths,
          minmay_temple_entry_statues_fountains
D:7:      layout_basic, serial_shops, nicolae_square_shop, enter_bailey_6
Temple:   lightli_temple_of_artemis
Bailey:   bailey_polearm_elven_captive_hellmonk, bailey

Skill      XL: |  1  2  3  4  5  6  7  8  9 |
---------------+----------------------------+-----
Armour         | 4 5 6 7 8 |  8.6
Fighting       | 4 5 6 |  6.8
Unarmed Combat | 1 2 3 4 5 6 |  6.8
Shields        | 4 5 6 8 |  8.2
Maces & Flails | 3 4 5 6 8 10 | 10.2
Dodging        | 1 2 3 |  3.7

Action                     |  1- 3 |  4- 6 |  7- 9 || total
---------------------------+-------+-------+-------++-------
  Melee: Flail             |    56 |    81 |   285 ||   422
         Headbutt          |     7 |    11 |    57 ||    75
 Invoke: Donate Gold       |       |       |     1 ||     1
         Imprison          |       |       |     1 ||     1
    Use: Scroll            |     5 |     4 |    10 ||    19
         Potion            |       |     1 |     3 ||     4
 Armour: Scale mail        |    57 |    17 |       ||    74
         Chain mail        |       |    34 |   303 ||   337
  Dodge: Dodged            |    30 |    32 |   108 ||   170
  Block: Buckler           |    27 |    31 |    22 ||    80
         Tower shield      |       |       |   262 ||   262
